AoeStats
← Shmott5944

Arena

505113931Analyzed
2v2 RM · 24d ago on Sep 7, 2026· 55m 26s· 4 players
Game mode
Random Map
Map size
Medium (4 player)
Population
200
Speed
Normal
Resources
Standard
Victory
Conquest
Starting age
Dark Age
Ending age
Imperial Age
RankedLock teamsTeams togetherTeam positionsShared explorationLock speedFull tech treeHidden civsTurbo modeCheats
Victory
Defeat
🇨🇴 Aztecs · Colombia
695
+15
🇺🇸 Ethiopians · United States
626
+19
🇺🇸 Japanese · United States
683
-32
🇺🇸 Teutons · United States
677
-39
Shmott5944
13:07 Feudal Age
15:16 Double-Bit Axe
15:16 Horse Collar
26:04 Castle Age
30:54 Wheelbarrow
30:04 Loom
30:05 Town Watch
31:15 Bow Saw
34:49 Imperial Age
32:49 Hand Cart
32:46 Pikeman
34:47 Town Patrol
36:47 Caravan
38:52 Scale Mail Armor
44:07 Elite Teutonic Knight
ameegs
7:50 Loom
12:02 Feudal Age
12:23 Horse Collar
12:31 Double-Bit Axe
12:42 Stone Mining
12:43 Gold Mining
23:34 Castle Age
21:41 Fletching
21:59 Padded Archer Armor
24:20 Heavy Plow
24:33 Bow Saw
25:41 Gold Shaft Mining
26:04 Crossbowman
26:50 Thumb Ring
28:03 Murder Holes
28:19 Fortified Wall
29:42 Wheelbarrow
30:11 Caravan
32:18 Ballistics
31:32 Pikeman
33:20 Hand Cart
37:05 Imperial Age
36:58 Bodkin Arrow
38:41 Bracer
40:09 Elite Samurai
41:07 Arbalester
48:51 Hoardings
Cruzetinho
10:10 Feudal Age
17:50 Castle Age
15:57 Double-Bit Axe
16:26 Horse Collar
17:13 Gold Mining
19:19 Bow Saw
19:29 Heavy Plow
21:04 Loom
24:35 Gold Shaft Mining
24:54 Fervor
25:08 Sanctity
25:26 Bow Saw
26:47 Wheelbarrow
26:31 Town Watch
28:58 Hand Cart
31:27 Town Patrol
34:49 Imperial Age
32:52 Forging
32:43 Scale Mail Armor
35:28 Ballistics
35:20 Careening
35:08 Murder Holes
35:19 Elite Jaguar Warrior
36:20 Garland Wars
35:37 Elite Jaguar Warrior
36:42 Garland Wars
36:43 Conscription
36:26 Atlatl
37:45 Iron Casting
37:25 Chain Mail Armor
37:01 Fletching
37:11 Padded Archer Armor
38:00 Chain Mail Armor
37:45 Padded Archer Armor
38:27 Elite Skirmisher
40:23 Chemistry
39:07 Treadmill Crane
42:51 Blast Furnace
42:21 Plate Mail Armor
41:56 Bodkin Arrow
42:57 Plate Mail Armor
50:02 Arson
50:02 Gambesons
50:18 Squires
50:26 Bracer
50:41 Leather Archer Armor
Grogolog
2:21 Loom
3:41 Loom
4:45 Loom
9:49 Feudal Age
10:15 Double-Bit Axe
10:11 Horse Collar
10:55 Town Watch
12:28 Wheelbarrow
19:31 Castle Age
20:18 Town Patrol
20:38 Crossbowman
21:14 Fletching
21:52 Padded Archer Armor
22:03 Forging
21:53 Scale Mail Armor
21:57 Stone Mining
22:19 Bow Saw
23:50 Heavy Plow
26:55 Hand Cart
28:01 Stone Shaft Mining
27:25 Bodkin Arrow
27:46 Chain Mail Armor
29:30 Squires
29:16 Arson
30:21 Gold Mining
31:35 Ballistics
31:41 Masonry
30:55 Elite Skirmisher
36:38 Imperial Age
35:50 Thumb Ring
35:57 Careening
36:34 Royal Heirs
37:28 Gold Shaft Mining
37:48 Caravan
38:00 Guilds
38:22 Conscription
37:39 Capped Ram
37:40 Heavy Scorpion
39:32 Chemistry
38:53 Leather Archer Armor
40:01 Siege Ram
40:27 Arbalester
40:38 Halberdier
42:31 Torsion Engines
43:19 Elite Shotel Warrior
45:07 Iron Casting
45:02 Plate Mail Armor
44:32 Bracer
45:03 Ring Archer Armor
Connection lost

Rejoining the realm…

Still unreachable

The connection could not be restored.

Session expired

The server has moved on; the page needs a fresh start.